TOP OF THE 1ST |
Johnson City Cardinals batting - Pitching for San Francisco (APP) Giants : RHP Corey Foster
|
Pitching: RHP Corey Foster
|
|
Batting: LHB Ken Compton
|
0-0: Ball 1-0: Called Strike 1-1: Ball 2-1: Fly out, F9 (Flyball, 9S, EV 80.0 MPH)
|
Batting: LHB Billy Lang
|
0-0: Called Strike 0-1: Ball 1-1: Ball 2-1: Swinging Strike 2-2: Foul Ball, location: 2F 2-2: Ball 3-2: Base on Balls
|
Batting: RHB Nelson Salamanca
|
0-0: Ball 1-0: Ball Billy Lang steals 2nd base 2-0: Ball 3-0: Called Strike 3-1: DOUBLE (Flyball, 89D, EV 105.6 MPH) Billy Lang scores
|
Batting: LHB Ken Morehead
|
0-0: Swinging Strike 0-1: Ball 1-1: Ball 2-1: Ball 3-1: Base on Balls
|
Pitching: RHP Sam Green
|
|
Batting: RHB Juan Carrillo
|
0-0: Ball 1-0: Ball 2-0: Swinging Strike 2-1: SINGLE (Groundball, P, EV 84.4 MPH) (infield hit) Nelson Salamanca to third Ken Morehead to second
|
Batting: SHB Bobby Mercado
|
0-0: Ball 1-0: Ball 2-0: Ball 3-0: Called Strike 3-1: DOUBLE (Line Drive, 89D, EV 105.0 MPH) Nelson Salamanca scores Ken Morehead scores Juan Carrillo to third Runner from 3rd tries for Home, SAFE, no throw by RF
|
Batting: SHB Justin Towry
|
0-0: Called Strike 0-1: Foul Ball, location: 2F 0-2: Ball 1-2: Fly out, F7 (Flyball, 7, EV 93.8 MPH)
|
Batting: RHB Jonathan Winkler
|
0-0: Ball 1-0: Foul Ball, location: 2F 1-1: Ball 2-1: Called Strike 2-2: Foul Ball, location: 2F 2-2: Strikes out swinging
|
Top of the 1st over - 4 runs, 3 hits, 0 errors, 1 left on base; Johnson City 4 - San Francisco (APP) 0 |
BOTTOM OF THE 1ST |
San Francisco (APP) Giants batting - Pitching for Johnson City Cardinals : RHP Rob Halley
|
Pitching: RHP Rob Halley
|
|
Batting: LHB Eddie Lemus
|
0-0: Ball 1-0: Called Strike 1-1: Foul Ball, location: 2F 1-2: Strikes out swinging
|
Batting: RHB Noe Oliva
|
0-0: Ball 1-0: Foul Ball, location: 2F 1-1: Ball 2-1: Ball 3-1: Base on Balls
|
Batting: LHB Kuan Hsia
|
0-0: Called Strike 0-1: Ball Noe Oliva steals 2nd, throwing error, E2 Noe Oliva to third 1-1: Swinging Strike 1-2: Ball 2-2: Strikes out swinging
|
Batting: RHB Ricky Aguilar
|
0-0: Ground out 1-3 (Groundball, 15S, EV 73.8 MPH)
|
Bottom of the 1st over - 0 runs, 0 hits, 1 error, 1 left on base; Johnson City 4 - San Francisco (APP) 0 |
TOP OF THE 2ND |
Johnson City Cardinals batting - Pitching for San Francisco (APP) Giants : RHP Sam Green
|
Batting: RHB Shou-feng Chang
|
0-0: Called Strike 0-1: Ground out U3 (Groundball, 3, EV 103.8 MPH)
|
Batting: LHB Ken Compton
|
0-0: Foul Ball, location: 2F 0-1: SOLO HOME RUN (Flyball, 9D, EV 96.9 MPH), Distance : 376 ft
|
Batting: LHB Billy Lang
|
0-0: SOLO HOME RUN (Flyball, 9D, EV 96.9 MPH), Distance : 378 ft
|
Batting: RHB Nelson Salamanca
|
0-0: Ball 1-0: Ball 2-0: Ball 3-0: Base on Balls
|
Batting: LHB Ken Morehead
|
0-0: Ball 1-0: Swinging Strike 1-1: Ball 2-1: Ball 3-1: Base on Balls Nelson Salamanca to second
|
Batting: RHB Juan Carrillo
|
0-0: SINGLE (Groundball, 34D, EV 100.0 MPH) Nelson Salamanca to third Ken Morehead to second Runner from 3rd tries for Home, SAFE, throw by RF to home
|
Batting: SHB Bobby Mercado
|
0-0: Ball 1-0: Ball 2-0: Ball 3-0: Called Strike 3-1: Base on Balls Ken Morehead to third Juan Carrillo to second
|
Batting: SHB Justin Towry
|
0-0: Ball 1-0: Ball 2-0: Foul Ball, location: 2F 2-1: Foul Ball, location: 2F 2-2: Ball 3-2: Base on Balls Ken Morehead scores Juan Carrillo to third Bobby Mercado to second
|
Batting: RHB Jonathan Winkler
|
0-0: Ball 1-0: SINGLE (Groundball, 56D, EV 100.0 MPH) Juan Carrillo scores Bobby Mercado to third Justin Towry to second Throwing error, E7 Bobby Mercado scores Justin Towry to third Jonathan Winkler to second
|
Pitching: RHP Conrad van Gemert
|
|
Batting: RHB Shou-feng Chang
|
0-0: Foul Ball, location: 2F 0-1: Foul Ball, location: 2F 0-2: SINGLE (Groundball, 56, EV 105.0 MPH) (infield hit) Justin Towry scores Jonathan Winkler to third
|
Batting: LHB Ken Compton
|
0-0: Ball 1-0: DOUBLE (Groundball, 3L, EV 100.0 MPH) Jonathan Winkler scores Shou-feng Chang to third
|
Batting: LHB Billy Lang
|
0-0: Foul Ball, location: 2F 0-1: Called Strike 0-2: Foul Ball, location: 2F 0-2: Ball 1-2: Foul Ball, location: 2F 1-2: Ball 2-2: Ground out 1-3 (Groundball, 13, EV 61.2 MPH)
|
Batting: RHB Nelson Salamanca
|
0-0: Called Strike 0-1: Ground out 4-3 (Groundball, P, EV 90.0 MPH)
|
Top of the 2nd over - 8 runs, 6 hits, 1 error, 2 left on base; Johnson City 12 - San Francisco (APP) 0 |
BOTTOM OF THE 2ND |
San Francisco (APP) Giants batting - Pitching for Johnson City Cardinals : RHP Rob Halley
|
Batting: RHB Chris Kulik
|
0-0: Called Strike 0-1: SINGLE (Flyball, 3D, EV 93.8 MPH)
|
Batting: RHB Azeem bin Zuhair
|
0-0: Foul Ball, location: 2F 0-1: Fly out, F7 (Flyball, 7D, EV 96.2 MPH)
|
Batting: RHB Jonathan Hemsley
|
0-0: Called Strike 0-1: Fielders Choice at 2nd, 5-4 (Groundball, 56, EV 98.8 MPH)
|
Batting: RHB Rúbem Trancoso
|
0-0: Called Strike Jonathan Hemsley steals 2nd base 0-1: Called Strike 0-2: Ball 1-2: Foul Ball, location: 2F 1-2: Ball 2-2: Ball 3-2: Base on Balls
|
Batting: SHB Cedric Sweep
|
0-0: Called Strike 0-1: Called Strike 0-2: Strikes out looking
|
Bottom of the 2nd over - 0 runs, 1 hit, 0 errors, 2 left on base; Johnson City 12 - San Francisco (APP) 0 |
TOP OF THE 3RD |
Johnson City Cardinals batting - Pitching for San Francisco (APP) Giants : RHP Conrad van Gemert
|
Batting: LHB Ken Morehead
|
0-0: Foul Ball, location: 2F 0-1: Foul Ball, location: 2F 0-2: Ball 1-2: Strikes out swinging
|
Pitching: LHP Justin Tidwell
|
|
Batting: RHB Juan Carrillo
|
0-0: Ball 1-0: Ball 2-0: Swinging Strike 2-1: Swinging Strike 2-2: Strikes out swinging
|
Batting: SHB Bobby Mercado
|
0-0: Called Strike 0-1: Ball 1-1: Ball 2-1: Swinging Strike 2-2: Fly out, F8 (Line Drive, 8LM, EV 93.8 MPH)
|
Top of the 3rd over - 0 runs, 0 hits, 0 errors, 0 left on base; Johnson City 12 - San Francisco (APP) 0 |
BOTTOM OF THE 3RD |
San Francisco (APP) Giants batting - Pitching for Johnson City Cardinals : RHP Rob Halley
|
Batting: LHB Eddie Lemus
|
0-0: Ball 1-0: Called Strike 1-1: Foul Ball, location: 2F 1-2: Ball 2-2: SINGLE (Line Drive, 7S, EV 94.4 MPH)
|
Batting: RHB Noe Oliva
|
0-0: Called Strike 0-1: Ball 1-1: Swinging Strike 1-2: Ball 2-2: Ball 3-2: Strikes out looking
|
Batting: LHB Kuan Hsia
|
0-0: Ball 1-0: Called Strike 1-1: Called Strike 1-2: Strikes out looking
|
Batting: RHB Ricky Aguilar
|
0-0: Foul Ball, location: 2F 0-1: Foul Ball, location: 2F 0-2: Strikes out swinging
|
Bottom of the 3rd over - 0 runs, 1 hit, 0 errors, 1 left on base; Johnson City 12 - San Francisco (APP) 0 |
TOP OF THE 4TH |
Johnson City Cardinals batting - Pitching for San Francisco (APP) Giants : LHP Justin Tidwell
|
Batting: SHB Justin Towry
|
0-0: Ball 1-0: Ball 2-0: Ball 3-0: Base on Balls
|
Batting: RHB Jonathan Winkler
|
0-0: Called Strike 0-1: Ball 1-1: Foul Ball, location: 2F 1-2: DOUBLE (Groundball, 5L, EV 103.8 MPH) Justin Towry to third
|
Pitching: LHP Ken Cromsie
|
|
Batting: RHB Shou-feng Chang
|
0-0: Ball 1-0: Ball 2-0: Swinging Strike 2-1: Foul Ball, location: 2F 2-2: Fly out, F8 (Flyball, 89M, EV 65.6 MPH)
|
Batting: LHB Ken Compton
|
0-0: Fly out, F8 (Flyball, 8LD, EV 98.8 MPH) Runner from 3rd tags up, SCORES, throw by CF
|
Batting: LHB Billy Lang
|
0-0: Called Strike 0-1: Foul Ball, location: 2F 0-2: Ball 1-2: Ball 2-2: SINGLE (Line Drive, 7LS, EV 91.2 MPH) Jonathan Winkler to third Runner from 3rd tries for Home, SAFE, throw by LF to home
|
Batting: RHB Nelson Salamanca
|
0-0: Swinging Strike 0-1: Hit by Pitch Billy Lang to second
|
Batting: LHB Ken Morehead
|
0-0: Foul Ball, location: 2F 0-1: Ball 1-1: Ball 2-1: Called Strike 2-2: Ball 3-2: Foul Ball, location: 2F 3-2: Base on Balls Billy Lang to third Nelson Salamanca to second
|
Pitching: RHP Newt Reid
|
|
Batting: RHB Juan Carrillo
|
0-0: Ball 1-0: Called Strike 1-1: Ball 2-1: Ball 3-1: Called Strike 3-2: SINGLE (Groundball, 6S, EV 68.8 MPH) (infield hit) Billy Lang scores Nelson Salamanca to third Ken Morehead to second
|
Batting: SHB Bobby Mercado
|
0-0: TRIPLE (Flyball, 78XD, EV 108.1 MPH) Nelson Salamanca scores Ken Morehead scores Juan Carrillo scores
|
Batting: SHB Justin Towry
|
0-0: Swinging Strike 0-1: Called Strike 0-2: Ball 1-2: Ball 2-2: Ball 3-2: SINGLE (Groundball, 4MS, EV 69.4 MPH) (infield hit) Bobby Mercado scores
|
Batting: RHB Jonathan Winkler
|
0-0: Called Strike 0-1: Foul Ball, location: 2F 0-2: Ground out 4-3 (Groundball, 4, EV 91.9 MPH)
|
Top of the 4th over - 7 runs, 5 hits, 0 errors, 1 left on base; Johnson City 19 - San Francisco (APP) 0 |
BOTTOM OF THE 4TH |
San Francisco (APP) Giants batting - Pitching for Johnson City Cardinals : RHP Rob Halley
|
Batting: RHB Chris Kulik
|
0-0: Called Strike 0-1: Foul Ball, location: 2F 0-2: Ball 1-2: Foul Ball, location: 2F 1-2: Ball 2-2: Strikes out swinging
|
Batting: RHB Azeem bin Zuhair
|
0-0: Ball 1-0: Called Strike 1-1: Swinging Strike 1-2: Strikes out swinging
|
Batting: RHB Jonathan Hemsley
|
0-0: Ground out 6-3 (Groundball, 56, EV 82.5 MPH)
|
Bottom of the 4th over - 0 runs, 0 hits, 0 errors, 0 left on base; Johnson City 19 - San Francisco (APP) 0 |
TOP OF THE 5TH |
Johnson City Cardinals batting - Pitching for San Francisco (APP) Giants : RHP Newt Reid
|
Batting: RHB Shou-feng Chang
|
0-0: Foul Ball, location: 2F 0-1: Called Strike 0-2: Hit by Pitch
|
Batting: LHB Ken Compton
|
0-0: Ball 1-0: Ball 2-0: Ball Wild Pitch! Shou-feng Chang to second 3-0: Called Strike 3-1: Base on Balls
|
Batting: LHB Billy Lang
|
0-0: Ball 1-0: Called Strike 1-1: Ball 2-1: Swinging Strike 2-2: Foul Ball, location: 2F 2-2: SINGLE (Line Drive, 78S, EV 95.0 MPH) Shou-feng Chang to third Ken Compton to second
|
Batting: RHB Nelson Salamanca
|
0-0: Foul Ball, location: 2F 0-1: Ball 1-1: Ball 2-1: Foul Ball, location: 2F 2-2: Ball 3-2: Foul Ball, location: 2F 3-2: Base on Balls Shou-feng Chang scores Ken Compton to third Billy Lang to second
|
Batting: LHB Ken Morehead
|
0-0: Ball 1-0: Ball 2-0: Ball 3-0: Base on Balls Ken Compton scores Billy Lang to third Nelson Salamanca to second
|
Batting: RHB Juan Carrillo
|
0-0: Ball 1-0: Swinging Strike 1-1: Foul Ball, location: 2F 1-2: Ball 2-2: Fly out, F7 (Flyball, 78M, EV 74.4 MPH)
|
Batting: SHB Bobby Mercado
|
0-0: SINGLE (Line Drive, 4MD, EV 104.4 MPH) Billy Lang scores Nelson Salamanca to third Ken Morehead to second Runner from 3rd tries for Home, SAFE, throw by CF to home
|
Batting: SHB Justin Towry
|
0-0: SINGLE (Groundball, 4D, EV 97.5 MPH) Ken Morehead to third Bobby Mercado to second Runner from 3rd tries for Home, throw by CF and OUT! 8-2
|
Batting: RHB Jonathan Winkler
|
0-0: Fielders Choice at 2nd, 6-4 (Groundball, 6, EV 83.1 MPH)
|
Top of the 5th over - 4 runs, 3 hits, 0 errors, 2 left on base; Johnson City 23 - San Francisco (APP) 0 |
BOTTOM OF THE 5TH |
San Francisco (APP) Giants batting - Pitching for Johnson City Cardinals : RHP Rob Halley
|
Batting: RHB Rúbem Trancoso
|
0-0: Called Strike 0-1: Ball 1-1: Swinging Strike 1-2: Foul Ball, location: 2F 1-2: Strikes out swinging
|
Batting: SHB Cedric Sweep
|
0-0: Ball 1-0: Called Strike 1-1: Ball 2-1: Ball 3-1: Swinging Strike 3-2: Foul Ball, location: 2F 3-2: Strikes out swinging
|
Batting: LHB Eddie Lemus
|
0-0: Called Strike 0-1: Ball 1-1: Ball 2-1: Ground out 4-3 (Groundball, 4, EV 86.9 MPH)
|
Bottom of the 5th over - 0 runs, 0 hits, 0 errors, 0 left on base; Johnson City 23 - San Francisco (APP) 0 |
TOP OF THE 6TH |
Johnson City Cardinals batting - Pitching for San Francisco (APP) Giants : RHP Newt Reid
|
Batting: RHB Shou-feng Chang
|
0-0: Called Strike 0-1: Ball 1-1: DOUBLE (Flyball, 8LD, EV 93.8 MPH)
|
Batting: LHB Ken Compton
|
0-0: Ball 1-0: Ball 2-0: Ball 3-0: Base on Balls
|
Batting: LHB Billy Lang
|
0-0: Ball 1-0: 3-RUN HOME RUN (Flyball, 9D, EV 98.1 MPH), Distance : 394 ft
|
Batting: RHB Nelson Salamanca
|
0-0: SINGLE (Groundball, 56, EV 106.9 MPH) (infield hit)
|
Batting: LHB Ken Morehead
|
0-0: Foul Ball, location: 2F 0-1: Ball 1-1: Ball 2-1: Foul Ball, location: 2F 2-2: Grounds into double play, 4-6-3 (Groundball, 4, EV 82.5 MPH)
|
Batting: RHB Juan Carrillo
|
0-0: SINGLE (Groundball, 34D, EV 108.8 MPH)
|
Batting: SHB Bobby Mercado
|
0-0: Fly out, F8 (Flyball, 8LD, EV 94.4 MPH)
|
Top of the 6th over - 3 runs, 4 hits, 0 errors, 1 left on base; Johnson City 26 - San Francisco (APP) 0 |
BOTTOM OF THE 6TH |
San Francisco (APP) Giants batting - Pitching for Johnson City Cardinals : RHP Rob Halley
|
Batting: RHB Noe Oliva
|
0-0: Foul Ball, location: 2F 0-1: Ball 1-1: Swinging Strike 1-2: Ball 2-2: Ball 3-2: Strikes out swinging
|
Batting: LHB Kuan Hsia
|
0-0: Called Strike 0-1: Called Strike 0-2: Ground out 4-3 (Groundball, 34, EV 100.6 MPH)
|
Batting: RHB Ricky Aguilar
|
0-0: Foul Ball, location: 2F 0-1: Ball 1-1: Foul Ball, location: 2F 1-2: Strikes out looking
|
Bottom of the 6th over - 0 runs, 0 hits, 0 errors, 0 left on base; Johnson City 26 - San Francisco (APP) 0 |
TOP OF THE 7TH |
Johnson City Cardinals batting - Pitching for San Francisco (APP) Giants : RHP Newt Reid
|
Pinch Hitting: RHB Nick Latulippe
|
0-0: Called Strike 0-1: Ball 1-1: Ball 2-1: Ball 3-1: Base on Balls
|
Batting: RHB Jonathan Winkler
|
0-0: Fly out, F7 (Flyball, 78S, EV 85.0 MPH)
|
Batting: RHB Shou-feng Chang
|
0-0: Grounds into double play, 6-4-3 (Groundball, 6, EV 103.8 MPH)
|
Top of the 7th over - 0 runs, 0 hits, 0 errors, 0 left on base; Johnson City 26 - San Francisco (APP) 0 |
BOTTOM OF THE 7TH |
San Francisco (APP) Giants batting - Pitching for Johnson City Cardinals : RHP Rob Halley
|
Now at 2B: Shou-feng Chang
|
|
Now at 3B: Nick Latulippe
|
|
Batting: RHB Chris Kulik
|
0-0: Ball 1-0: Called Strike 1-1: Fly out, F9 (Flyball, 9D, EV 88.1 MPH)
|
Batting: RHB Azeem bin Zuhair
|
0-0: Ball 1-0: Ball 2-0: Ball 3-0: Called Strike 3-1: Called Strike 3-2: Foul Ball, location: 2F 3-2: Foul Ball, location: 2F 3-2: Foul Ball, location: 2F 3-2: Strikes out swinging
|
Batting: RHB Jonathan Hemsley
|
0-0: Swinging Strike 0-1: Ball 1-1: Ground out 6-3 (Groundball, 56, EV 83.8 MPH)
|
Bottom of the 7th over - 0 runs, 0 hits, 0 errors, 0 left on base; Johnson City 26 - San Francisco (APP) 0 |
TOP OF THE 8TH |
Johnson City Cardinals batting - Pitching for San Francisco (APP) Giants : RHP Newt Reid
|
Batting: LHB Ken Compton
|
0-0: Fly out, F3 (Line Drive, 3, EV 65.6 MPH)
|
Batting: LHB Billy Lang
|
0-0: Ball 1-0: Ball 2-0: Ground out 3-1 (Groundball, 34S, EV 90.0 MPH)
|
Batting: RHB Nelson Salamanca
|
0-0: SINGLE (Line Drive, 9LS, EV 102.5 MPH)
|
Batting: LHB Ken Morehead
|
0-0: Ground out 3-1 (Groundball, 34, EV 82.5 MPH)
|
Top of the 8th over - 0 runs, 1 hit, 0 errors, 1 left on base; Johnson City 26 - San Francisco (APP) 0 |
BOTTOM OF THE 8TH |
San Francisco (APP) Giants batting - Pitching for Johnson City Cardinals : RHP Rob Halley
|
Batting: RHB Rúbem Trancoso
|
0-0: Foul Ball, location: 2F 0-1: Ball 1-1: Foul Ball, location: 2F 1-2: Ball 2-2: Strikes out looking
|
Batting: SHB Cedric Sweep
|
0-0: Swinging Strike 0-1: Called Strike 0-2: Strikes out looking
|
Batting: LHB Eddie Lemus
|
0-0: Ball 1-0: Ball 2-0: Ball 3-0: Called Strike 3-1: Foul Ball, location: 2F 3-2: Foul Ball, location: 2F 3-2: Base on Balls
|
Pitching: RHP Tony Bonilla
|
|
Batting: RHB Noe Oliva
|
0-0: Fly out, F9 (Flyball, 89M, EV 75.0 MPH)
|
Bottom of the 8th over - 0 runs, 0 hits, 0 errors, 1 left on base; Johnson City 26 - San Francisco (APP) 0 |
TOP OF THE 9TH |
Johnson City Cardinals batting - Pitching for San Francisco (APP) Giants : RHP Newt Reid
|
Batting: RHB Juan Carrillo
|
0-0: Fly out, F2 (Popup, 2RF, EV 96.2 MPH)
|
Batting: SHB Bobby Mercado
|
0-0: DOUBLE (Flyball, 89XD, EV 110.0 MPH)
|
Batting: RHB Nick Latulippe
|
0-0: Called Strike 0-1: Fly out, F9 (Flyball, 9, EV 92.5 MPH)
|
Batting: RHB Jonathan Winkler
|
0-0: Ball 1-0: Ground out 6-3 (Groundball, 6, EV 90.0 MPH)
|
Top of the 9th over - 0 runs, 1 hit, 0 errors, 1 left on base; Johnson City 26 - San Francisco (APP) 0 |
BOTTOM OF THE 9TH |
San Francisco (APP) Giants batting - Pitching for Johnson City Cardinals : RHP Tony Bonilla
|
Batting: LHB Kuan Hsia
|
0-0: Ball 1-0: Foul Ball, location: 2F 1-1: Ball 2-1: Foul Ball, location: 2F 2-2: Foul Ball, location: 2F 2-2: Strikes out looking
|
Batting: RHB Ricky Aguilar
|
0-0: Foul Ball, location: 2F 0-1: Swinging Strike 0-2: Strikes out swinging
|
Batting: RHB Chris Kulik
|
0-0: DOUBLE (Flyball, 78D, EV 88.8 MPH)
|
Batting: RHB Azeem bin Zuhair
|
0-0: Ball 1-0: Ball 2-0: Called Strike 2-1: Swinging Strike 2-2: Strikes out swinging
|
Bottom of the 9th over - 0 runs, 1 hit, 0 errors, 1 left on base; Johnson City 26 - San Francisco (APP) 0 |
|